 Dungeon Crawl Stone Soup version 0.22.1-5-g62c59d9 (webtiles) character file.

49 JustSomeDude the Ducker (level 3, 0/26 HPs)
             Began as an Octopode Monk on Jan 14, 2019.
             Slain by a gnoll
             ... wielding a +0 club
              (5 damage)
             ... on level 2 of the Dungeon.
             The game lasted 00:02:06 (749 turns).

JustSomeDude the Ducker (Octopode Monk)              Turns: 749, Time: 00:02:07

Health: 0/26       AC:  1    Str: 10    XL:     3   Next: 77%
Magic:  3/3        EV: 15    Int: 12    God:
Gold:   35         SH:  0    Dex: 15    Spells: 2/2 levels left

rFire    . . .     SeeInvis .   f - +0 short sword (drain)
rCold    . . .     Gourm    .   (no shield)
rNeg     . . .     Faith    .   (helmet restricted)
rPois    .         Spirit   .   (no amulet)
rElec    .         Reflect  .   (no ring)
rCorr    .         Harm     .   (no ring)
MR       .....                  (no ring)
Stlth    ++++......             (no ring)
HPRegen  0.08/turn              (no ring)
MPRegen  0.08/turn              (no ring)
                                (no ring)
                                (no ring)

@: no status effects
A: almost no armour, stealthy swim, amphibious, 8 rings, constrict 8, camouflage
1, gelatinous body 1
a: no special abilities


You were on level 2 of the Dungeon.
You were not hungry.

You visited 1 branch of the dungeon, and saw 2 of its levels.

You collected 35 gold pieces.

Inventory:

Hand Weapons
 a - a +0 hand axe
 f - a +0 short sword of draining (weapon)
Scrolls
 g - a scroll of remove curse {unknown}
 h - a scroll of amnesia {unknown}
 i - a scroll of teleportation {unknown}
Potions
 c - a potion of haste {unknown}
 d - a potion of curing {unknown}
 e - a potion of agility {unknown}
Comestibles
 b - 3 rations
 j - a chunk of flesh


   Skills:
 + Level 3.5 Fighting
 * Level 1.2 Short Blades
 - Level 3.0 Axes
 + Level 3.5 Dodging
 * Level 3.3 Stealth


You had 2 spell levels left.
You didn't know any spells.
Your spell library was empty.

Dungeon Overview and Level Annotations

Branches:
Dungeon (2/15)

Altars:


Innate Abilities, Weirdness & Mutations

You cannot wear most types of armour.
You are very stealthy in the water. (Stealth+)
You are amphibious.
You can wear up to eight rings at the same time.
You can use your tentacles to constrict eight enemies at once.
Your skin changes colour to match your surroundings (Stealth+).
Your rubbery body absorbs attacks. (AC +1, EV +1)


Message History

an adder skeleton Unknown command.
Unknown command.
Unknown command.
You are too injured to fight recklessly!
Something hits the plant but does no damage.
The gnoll hits you with a club!
* * * LOW HITPOINT WARNING * * *
The gnoll hits the plant with a halberd!
You hit the gnoll but do no damage. You grab the gnoll.
You constrict the gnoll.
The gnoll hits the plant but does no damage.
The gnoll misses you.
The gnoll hits the plant with a halberd.
You completely miss the gnoll.
The gnoll is lightly wounded.
You constrict the gnoll.
The goblin splashes around in the water.
The gnoll hits the plant with a club.
The gnoll hits you with a club.
You die...

#≈≈≈≈♣ ≈≈♣## ##P
♣♣♣♣♣g♣♣≈≈≈≈♣
##♣≈P♣♣≈≈≈ggP≈≈♣≈♣♣
#≈P♣≈≈P≈≈P≈≈P≈≈≈≈≈P ♣≈
#P≈P≈♣≈PgP≈≈≈≈≈≈≈≈≈≈ ≈
≈♣≈PP≈≈P≈≈≈≈≈≈≈≈≈≈≈≈≈≈≈≈
♣≈≈≈≈≈P≈≈≈≈≈≈≈≈≈≈≈≈≈≈≈≈P
≈≈P≈≈≈Pg≈≈≈≈≈≈≈≈≈≈≈≈≈≈≈P
♣P≈≈PP≈@≈≈≈≈≈≈≈≈≈≈≈≈P≈≈≈
P♣≈≈≈≈≈≈≈≈÷≈≈≈≈≈≈≈≈≈P≈♣≈
#≈♣≈≈P♣≈≈≈≈≈≈≈≈≈≈≈≈≈♣≈≈≈
♣♣♣≈≈≈PP≈≈≈≈≈≈≈P≈≈≈≈♣≈
♣≈≈≈≈(≈P≈≈≈P≈♣≈≈♣≈♣.
#♣♣≈P≈P♣♣♣≈♣♣♣P♣≈♣..
##.♣♣≈≈≈≈♣≈≈.....#
#...........#####
#############


You could see 4 gnolls and a goblin.

Vanquished Creatures
  An adder (D:2)
  2 dart slugs (D:1)
  2 leopard geckos (D:1)
  A giant cockroach (D:1)
  5 hobgoblins (D:1)
  3 jackals (D:1)
  3 bats
  5 frilled lizards (D:1)
  2 goblins (D:1)
  6 kobolds
  2 rats (D:2)
32 creatures vanquished.

Notes
Turn   | Place    | Note
-------+----------+-------------------------------------------
     0 | D:1      | JustSomeDude the Octopode Monk began the quest for the Orb.
     0 | D:1      | Reached XP level 1. HP: 16/16 MP: 1/1
    81 | D:1      | Reached XP level 2. HP: 19/21 MP: 2/2
   263 | D:1      | Reached XP level 3. HP: 9/26 MP: 3/3
   271 | D:1      | Reached skill level 1 in Short Blades
   749 | D:2      | Slain by a gnoll

Skill      XL: |  1  2  3 |
---------------+----------+-----
Stealth        | 3 |  3.3
Short Blades   | 1 |  1.2
Fighting       | |  3.5
Axes           | |  3.0
Dodging        | |  3.5

Action                   || total
-------------------------++-------
Melee: Short sword       ||    47
       Hand axe          ||     3
       Tentacles         ||     7
       Constrict         ||    12
 Stab: Sleeping          ||     3
Armor: Skin              ||     2
Dodge: Dodged            ||    40
